 Dungeon Crawl Stone Soup version 0.21.0-3-g78d12a8 (console) character file.

348 removed the Conjurer (level 6, 1/45 HPs)
             Began as a Centaur Wizard on Jan 11, 2018.
             Quit the game on level 2 of the Abyss.
             The game lasted 00:09:05 (4842 turns).

removed the Conjurer (Centaur Wizard)               Turns: 4842, Time: 00:09:05

Health: 1/45       AC:  6    Str: 10    XL:     6   Next: 33%
Magic:  9/9        EV:  9    Int: 24    God:
Gold:   189        SH:  0    Dex:  7    Spells: 3/9 levels left

rFire    . . .     SeeInvis .   (no weapon)
rCold    . . .     Gourm    .   (no shield)
rNeg     . . .     Faith    .   o - +0 robe
rPois    .         Spirit   .   v - +0 hat
rElec    .         Reflect  .   j - +1 cloak
rCorr    .         Harm     .   (no gloves)
MR       .....                  (no barding)
Stlth    +.........             (no amulet)
HPRegen  0.00/turn              (no ring)
MPRegen  0.11/turn              (no ring)

@: brilliant, non-regenerating, mildly diseased, very quick
A: large, hooves 3, deformed body, speed 2, tough skin 3
a: no special abilities


You were on level 2 of the Abyss.
You were hungry.

You visited 1 branch of the dungeon, and saw 4 of its levels.
You visited the Abyss 1 time.

You collected 189 gold pieces.

Inventory:

Hand Weapons
 a - a +0 spear
 b - a +0 whip of venom
 e - a +0 club
 l - a +0 dagger
 z - a +2 hand axe of draining
Missiles
 F - 2 silver javelins (quivered)
Armour
 j - a +1 cloak (worn)
 o - a +0 robe (worn)
 v - a +0 hat (worn)
 G - the +1 chain mail of Ampiedd {Int+2, unknown}
   (You found it on level 2 of the Abyss)

   It affects your intelligence (+2).
Wands
 x - a wand of paralysis (6)
 E - a wand of random effects (37)
Scrolls
 f - 4 scrolls of identify
 k - 3 scrolls of remove curse
 m - a scroll of amnesia
Potions
 h - 2 potions of brilliance
 i - 2 potions of degeneration {unknown}
 q - 2 potions of lignification {unknown}
 r - a potion of flight {unknown}
 t - a potion of berserk rage {unknown}
 u - 2 potions of curing {unknown}
 B - 3 potions of mutation {unknown}
 D - a potion of might {unknown}
Books
 c - a book of Minor Magic

   Spells                             Type                      Level
   a - Magic Dart                     Conjuration                  1
   b - Blink                          Translocation                2
   c - Call Imp                       Summoning                    2
   d - Slow                           Hexes                        2
   e - Conjure Flame                  Conjuration/Fire             3
   f - Mephitic Cloud                 Conjuration/Poison/Air       3
Comestibles
 d - 8 rations


   Skills:
 - Level 1.3 Dodging
 - Level 1.1 Stealth
 - Level 2.4 Spellcasting
 + Level 6.0 Conjurations
   Level 0.8 Summonings
 - Level 0.8 Translocations


You had 3 spell levels left.
You knew the following spells:

 Your Spells              Type           Power        Failure   Level  Hunger
a - Magic Dart            Conj           ####         1%          1    None
b - Mephitic Cloud        Conj/Pois/Air  ####....     1%          3    ###....
l - Blink                 Tloc           N/A          1%          2    ##.....


Dungeon Overview and Level Annotations

Branches:
Dungeon (4/15)
 Temple: D:4-7

Altars:


Innate Abilities, Weirdness & Mutations

You have hooves in place of feet.
Armour fits poorly on your strangely shaped body.
You cover ground very quickly.
You have extremely tough skin. (AC +3)


Message History

It was a scroll of immolation.
The worldbinder calls forth creatures from the Orcish Mines!
The orc priest looks sick. x2; The worldbinder hits you.
* * * LOW HITPOINT WARNING * * *
The worldbinder hits you.
* * * LOW HITPOINT WARNING * * *
Unknown command.
As you read the scroll labeled ISUKHU WOHIO, it crumbles to dust.
It is a scroll of enchant armour.
Your +0 cloak glows green for a moment.
The worldbinder hits you but does no damage.
The worldbinder hits you.
* * * LOW HITPOINT WARNING * * *
Unknown command.
It was a potion of brilliance.
You feel clever all of a sudden.
The worldbinder closely misses you. x2; The worldbinder barely misses you.
The worldbinder hits you but does no damage.
Okay, then.
Are you sure you want to abandon this character and quit the game? (Confirm with "yes".)

. . ##..# #.
..### . #...
. #.# ...#
.#. # ..
##.#.#...
.#.## ..#.
..# ###...#
. #..#..
#@###..
.#..#.T.
##x#.#....o#
..#
#.#o....T#
.xo. #. ....
#..### #
####.##.#..
. # ##.
#.#.#.# ..
##.### # ###
##


You could see a worldbinder (inner flame) and an orc priest.

Vanquished Creatures
  Sigmund (D:2)
  A howler monkey (D:3)
  Ijyb (D:3)
  An iguana (D:4)
  3 adders
  An ooze (D:3)
  A worm (D:4)
  3 dart slugs
  2 leopard geckos
  5 orcs (D:3)
  4 ball pythons
  5 giant cockroaches
  6 goblins
  7 hobgoblins
  2 jackals (D:3)
  2 quokkas (D:4)
  6 bats
  4 frilled lizards
  7 kobolds
  7 rats
69 creatures vanquished.

Notes
Turn   | Place    | Note
-------+----------+-------------------------------------------
     0 | D:1      | removed the Centaur Wizard began the quest for the Orb.
     0 | D:1      | Reached XP level 1. HP: 14/14 MP: 3/3
    17 | D:1      | Reached skill level 1 in Conjurations
   609 | D:1      | Reached XP level 2. HP: 20/20 MP: 0/5
   761 | D:1      | Reached skill level 2 in Conjurations
  1645 | D:1      | Learned a level 2 spell: Blink
  1756 | D:2      | Reached XP level 3. HP: 26/26 MP: 3/6
  1964 | D:2      | Noticed Sigmund
  2088 | D:2      | Learned a level 3 spell: Mephitic Cloud
  2179 | D:2      | Reached skill level 3 in Conjurations
  3306 | D:2      | Killed Sigmund
  3306 | D:2      | Reached skill level 5 in Conjurations
  3306 | D:2      | Reached XP level 4. HP: 33/33 MP: 7/7
  3306 | D:2      | Reached XP level 5. HP: 38/38 MP: 8/8
  3849 | D:3      | Noticed Ijyb
  3868 | D:3      | Killed Ijyb
  3958 | D:3      | Reached XP level 6. HP: 45/45 MP: 5/9
  4592 | D:4      | Reached skill level 6 in Conjurations
  4611 | D:4      | Cast into level 1 of the Abyss (a distortion unwield)
  4649 | Abyss:2  | Got a dazzling chain mail
  4738 | Abyss:2  | Noticed an ancient zyme
  4746 | Abyss:2  | Noticed a rust devil
  4761 | Abyss:2  | Noticed a starcursed mass
  4797 | Abyss:2  | Noticed a starcursed mass
  4807 | Abyss:2  | Noticed a worldbinder
  4809 | Abyss:2  | Noticed an ancient zyme
  4811 | Abyss:2  | Noticed a warg
  4821 | Abyss:2  | Noticed a vampire
  4825 | Abyss:2  | Noticed a troll
  4840 | Abyss:2  | HP: 1/45 [worldbinder (5)]
  4842 | Abyss:2  | Quit the game

Skill      XL: |  1  2  3  4  5  6 |
---------------+-------------------+-----
Conjurations   | 1 2 5 6 |  6.0
Dodging        | |  1.3
Stealth        | |  1.1
Spellcasting   | |  2.4
Summonings     | |  0.8
Translocations | |  0.8

Action                   |  1- 3 |  4- 6 || total
-------------------------+-------+-------++-------
Melee: Unarmed           |     9 |       ||     9
       Kick              |    12 |     4 ||    16
       Club              |    11 |       ||    11
       Spear             |    20 |       ||    20
       Whip              |     8 |    43 ||    51
 Cast: Magic Dart        |    91 |    56 ||   147
       Mephitic Cloud    |       |     1 ||     1
Evoke: Wand              |     3 |       ||     3
  Use: Scroll            |       |     6 ||     6
       Potion            |       |     1 ||     1
 Stab: Paralysed         |     8 |       ||     8
  Eat: Chunk             |     5 |     5 ||    10
Armor: Robe              |    21 |    14 ||    35
Dodge: Dodged            |    26 |    30 ||    56
